FOD
SOUTH FORK FROGS @ SAN DIEGO STORM
03/31/2055
 
TOP OF THE 1ST
South Fork Frogs batting - Pitching for San Diego Storm : RHP Rocky Parks
Pitching: RHP Rocky Parks
Batting: LHB Manny O'Neill 0-0: Ball
1-0: Ground out U3 (Groundball, 34, EV 107.5 MPH)
Batting: RHB Ángel Pérez 0-0: Ball
1-0: Ground out U3 (Groundball, 34, EV 87.5 MPH)
Batting: SHB Gene Jalili 0-0: Called Strike
0-1: Ball
1-1: Swinging Strike
1-2: Strikes out swinging
Top of the 1st over - 0 runs, 0 hits, 0 errors, 0 left on base; South Fork 0 - San Diego 0
BOTTOM OF THE 1ST
San Diego Storm batting - Pitching for South Fork Frogs : RHP Daniel Hill
Pitching: RHP Daniel Hill
Batting: RHB Claudio Lozano 0-0: Called Strike
0-1: Called Strike
0-2: Ball
1-2: Foul Ball, location: 2F
1-2: Ball
2-2: Foul Ball, location: 2F
2-2: Foul Ball, location: 2F
2-2: SINGLE (Groundball, 34, EV 109.4 MPH) (infield hit)
Batting: RHB Nick Seals 0-0: Ball
1-0: Called Strike
Claudio Lozano steals 2nd base (no throw)
1-1: Fly out, F8 (Line Drive, 8LM, EV 88.1 MPH)
Batting: RHB Quinn Jones 0-0: Foul Ball, location: 9LDF
0-1: Foul Ball, location: 9LMF
0-2: Foul Ball, location: 2F
0-2: Ground out 6-3 (Groundball, 6M, EV 81.9 MPH)
Claudio Lozano to third
Batting: LHB Félix González 0-0: Ball
1-0: Foul Ball, location: 2RF
1-1: Swinging Strike
1-2: Strikes out swinging
Bottom of the 1st over - 0 runs, 1 hit, 0 errors, 1 left on base; South Fork 0 - San Diego 0
TOP OF THE 2ND
South Fork Frogs batting - Pitching for San Diego Storm : RHP Rocky Parks
Batting: LHB Xavier Vargas 0-0: Called Strike
0-1: Ground out 6-3 (Groundball, 6, EV 81.3 MPH)
Batting: RHB Basilio Gaufi 0-0: Fly out, F3 (Popup, 3F, EV 78.8 MPH)
Batting: LHB Francisco Solís 0-0: Called Strike
0-1: SINGLE (Groundball, 6MD, EV 109.4 MPH)
Batting: SHB Marvin Johns 0-0: Ball
1-0: Swinging Strike
1-1: Foul Ball, location: 3F
1-2: Fly out, F6 (Popup, 4M, EV 58.8 MPH)
Top of the 2nd over - 0 runs, 1 hit, 0 errors, 1 left on base; South Fork 0 - San Diego 0
BOTTOM OF THE 2ND
San Diego Storm batting - Pitching for South Fork Frogs : RHP Daniel Hill
Batting: RHB Rick Henderson 0-0: Called Strike
0-1: Ball
1-1: Foul Ball, location: 2F
1-2: Ball
2-2: Strikes out swinging
Batting: RHB Tim Newman 0-0: Ball
1-0: Called Strike
1-1: Ball
2-1: SINGLE (Groundball, 34D, EV 96.3 MPH)
Batting: LHB José Muñóz 0-0: Ball
1-0: Ball
Tim Newman steals 2nd base
2-0: Called Strike
2-1: SINGLE (Line Drive, 7LS, EV 88.1 MPH)
Tim Newman to third
Batting: RHB Harvey Dixon 0-0: Ball
1-0: Foul Ball, location: 2F
1-1: Ball
2-1: Grounds into double play, 6-4-3 (Groundball, 56, EV 85.0 MPH)
Bottom of the 2nd over - 0 runs, 2 hits, 0 errors, 1 left on base; South Fork 0 - San Diego 0
TOP OF THE 3RD
South Fork Frogs batting - Pitching for San Diego Storm : RHP Rocky Parks
Batting: RHB John Allen 0-0: Fly out, F7 (Flyball, 78M, EV 73.8 MPH)
Batting: RHB Daniel Hill 0-0: Foul Ball, location: 3FF
0-1: Ground out 5-3 (Groundball, 56S, EV 91.3 MPH)
Batting: LHB Manny O'Neill 0-0: SINGLE (Line Drive, 8LS, EV 100.6 MPH)
Batting: RHB Ángel Pérez 0-0: Called Strike
0-1: Ball
1-1: Ball
2-1: Called Strike
2-2: Foul Ball, location: 9LMFF
2-2: SINGLE (Groundball, 4, EV 103.1 MPH) (infield hit)
Manny O'Neill to second
Batting: SHB Gene Jalili 0-0: Fly out, F9 (Line Drive, 89D, EV 97.5 MPH)
Top of the 3rd over - 0 runs, 2 hits, 0 errors, 2 left on base; South Fork 0 - San Diego 0
BOTTOM OF THE 3RD
San Diego Storm batting - Pitching for South Fork Frogs : RHP Daniel Hill
Batting: RHB Rocky Parks 0-0: Swinging Strike
0-1: Reached on error, E5 (Groundball, 5, EV 81.9 MPH)
Batting: RHB Claudio Lozano 0-0: Sac Bunt to 2R - play at first, batter OUT! 2-3
Rocky Parks to second
Batting: RHB Nick Seals 0-0: Ground out 5-3 (Groundball, 56, EV 106.9 MPH)
Batting: RHB Quinn Jones 0-0: Foul Ball, location: 5F
0-1: Ball
1-1: SINGLE (Line Drive, 6D, EV 95.6 MPH)
Rocky Parks to third
Runner from 3rd tries for Home, SAFE, throw by CF to home
Batting: LHB Félix González 0-0: Foul Ball, location: 5F
0-1: Ball
1-1: Called Strike
1-2: Ball
2-2: Ground out 4-3 (Groundball, 34, EV 85.0 MPH)
Bottom of the 3rd over - 1 run, 1 hit, 1 error, 1 left on base; South Fork 0 - San Diego 1
TOP OF THE 4TH
South Fork Frogs batting - Pitching for San Diego Storm : RHP Rocky Parks
Batting: LHB Xavier Vargas 0-0: Called Strike
0-1: Foul Ball, location: 2F
0-2: Fly out, F8 (Line Drive, 78D, EV 95.0 MPH)
Batting: RHB Basilio Gaufi 0-0: Ball
1-0: Called Strike
1-1: Fly out, F3 (Popup, 34, EV 75.0 MPH)
Batting: LHB Francisco Solís 0-0: Swinging Strike
0-1: Foul Ball, location: 9LMF
0-2: Foul Ball, location: 3FF
0-2: Strikes out looking
Top of the 4th over - 0 runs, 0 hits, 0 errors, 0 left on base; South Fork 0 - San Diego 1
BOTTOM OF THE 4TH
San Diego Storm batting - Pitching for South Fork Frogs : RHP Daniel Hill
Batting: RHB Rick Henderson 0-0: Called Strike
0-1: Foul Ball, location: 9LSF
0-2: Ball
1-2: Foul Ball, location: 5FF
1-2: Foul Ball, location: 23F
1-2: Ground out 5-3 (Groundball, 5, EV 85.6 MPH)
Batting: RHB Tim Newman 0-0: Ball
1-0: Called Strike
1-1: Foul Ball, location: 9LMF
1-2: Foul Ball, location: 2F
1-2: Ball
2-2: Strikes out looking
Batting: LHB José Muñóz 0-0: Ball
1-0: Foul Ball, location: 5SF
1-1: Foul Ball, location: 5DF
1-2: Foul Ball, location: 5FF
1-2: Foul Ball, location: 3F
1-2: Ball
2-2: Foul Ball, location: 2F
2-2: Foul Ball, location: 5F
2-2: Ball
3-2: SINGLE (Line Drive, 7S, EV 100.0 MPH)
Batting: RHB Harvey Dixon 0-0: Ball
1-0: Fielders Choice at 2nd, 5-4 (Groundball, 5, EV 105.6 MPH)
Bottom of the 4th over - 0 runs, 1 hit, 0 errors, 1 left on base; South Fork 0 - San Diego 1
TOP OF THE 5TH
South Fork Frogs batting - Pitching for San Diego Storm : RHP Rocky Parks
Now at 3B: Bob Sloan
Now at SS: Jon Gore
Now in CF: Shawn Olson
Now in RF: Wendell Gentry
Batting: SHB Marvin Johns 0-0: Fly out, F9 (Line Drive, 9, EV 94.4 MPH)
Batting: RHB John Allen 0-0: Fly out, F7 (Line Drive, 7, EV 94.4 MPH)
Pinch Hitting: RHB Peer Jorisz 0-0: Called Strike
0-1: SINGLE (Line Drive, 9LS, EV 105.6 MPH)
Batting: LHB Manny O'Neill 0-0: Reached on error, E1 (Groundball, P, EV 68.1 MPH)
Peer Jorisz to second
Pinch Hitting: RHB Juan Rodríguez 0-0: Foul Ball, location: 3SF
0-1: Called Strike
0-2: Ground out 5-3 (Groundball, 56, EV 98.8 MPH)
Top of the 5th over - 0 runs, 1 hit, 1 error, 2 left on base; South Fork 0 - San Diego 1
BOTTOM OF THE 5TH
San Diego Storm batting - Pitching for South Fork Frogs : RHP Daniel Hill
Pitching: RHP António Blamphin
Now at C: Dave Elliott
Now at 2B: Ralph McGuire
Now at 3B: Mark Love
Now at SS: Juan Rodríguez
Pinch Hitting: RHB David Rowe 0-0: Foul Ball, location: 5DF
0-1: SINGLE (Line Drive, 6D, EV 93.8 MPH)
Batting: RHB Shawn Olson 0-0: Called Strike
0-1: Called Strike
David Rowe steals 2nd base
0-2: Single, Error in OF, E7, batter to second base (Line Drive, 5D, EV 95.6 MPH)
David Rowe scores
Batting: RHB Wendell Gentry 0-0: Ball
1-0: Called Strike
1-1: Called Strike
1-2: Strikes out swinging
Batting: SHB Jon Gore 0-0: Called Strike
0-1: Called Strike
0-2: Ball
1-2: Strikes out swinging
Pinch Hitting: RHB Jon Martin 0-0: Ball
1-0: Fly out, F7 (Line Drive, 7, EV 87.5 MPH)
Bottom of the 5th over - 1 run, 2 hits, 1 error, 1 left on base; South Fork 0 - San Diego 2
TOP OF THE 6TH
South Fork Frogs batting - Pitching for San Diego Storm : RHP Rocky Parks
Pitching: LHP Elliott Cantrell
Now at 1B: Víctor Salazar
Now in LF: Jon Martin
Pinch Hitting: LHB Bill Davis 0-0: SINGLE (Line Drive, 6MD, EV 108.8 MPH)
Pinch Hitting: LHB Alec Powell 0-0: Fly out, F7 (Flyball, 7LM, EV 83.1 MPH)
Batting: RHB Ralph McGuire 0-0: Ball
1-0: Fly out, F9 (Flyball, 89M, EV 74.4 MPH)
Pinch Hitting: LHB James Key 0-0: Ball
1-0: Called Strike
1-1: Swinging Strike
1-2: Ball
2-2: Ground out U3 (Groundball, 3S, EV 84.4 MPH)
Top of the 6th over - 0 runs, 1 hit, 0 errors, 1 left on base; South Fork 0 - San Diego 2
BOTTOM OF THE 6TH
San Diego Storm batting - Pitching for South Fork Frogs : RHP António Blamphin
Pitching: LHP Curtis Lawson
Now at 1B: James Key
Now in CF: Bill Davis
Now in RF: Alec Powell
Batting: LHB Víctor Salazar 0-0: Ball
1-0: SINGLE (Groundball, 15S, EV 68.1 MPH) (infield hit)
Batting: RHB Bob Sloan 0-0: Ball
1-0: Bunt missed!
1-1: Sac Bunt to 15S - play at second, runner OUT! 1-6
Batting: LHB José Muñóz 0-0: Ball
1-0: Ball
2-0: Foul Ball, location: 2F
2-1: Foul Ball, location: 25F
2-2: Foul Ball, location: 7LSF
2-2: SINGLE (Groundball, 6MD, EV 100.6 MPH)
Bob Sloan to second
Batting: RHB Harvey Dixon 0-0: Fielders Choice at 2nd, 1-4 (Groundball, 15S, EV 73.8 MPH)
Bob Sloan to third
Pinch Hitting: LHB Phil Moore 0-0: Called Strike
0-1: Called Strike
0-2: Fielders Choice at 2nd, 6-4 (Groundball, 56, EV 82.5 MPH)
Bottom of the 6th over - 0 runs, 2 hits, 0 errors, 2 left on base; South Fork 0 - San Diego 2
TOP OF THE 7TH
South Fork Frogs batting - Pitching for San Diego Storm : LHP Elliott Cantrell
Pitching: LHP José Orosco
Batting: LHB Mark Love 0-0: Fly out, F9 (Flyball, 89M, EV 96.9 MPH)
Batting: RHB Dave Elliott 0-0: Ball
1-0: Ball
2-0: SOLO HOME RUN (Flyball, 89XD, EV 98.1 MPH), Distance : 388 ft
Pinch Hitting: RHB Carlos Jiménez 0-0: Called Strike
0-1: Ball
1-1: Foul Ball, location: 2LF
1-2: Strikes out swinging, 2-3 out at first.
Batting: LHB Manny O'Neill 0-0: Ball
1-0: SINGLE (Line Drive, 78S, EV 85.0 MPH)
Batting: RHB Juan Rodríguez 0-0: Called Strike
0-1: Called Strike
0-2: Ball
Manny O'Neill steals 2nd base
1-2: Ball
2-2: Strikes out swinging
Top of the 7th over - 1 run, 2 hits, 0 errors, 1 left on base; South Fork 1 - San Diego 2
BOTTOM OF THE 7TH
San Diego Storm batting - Pitching for South Fork Frogs : LHP Curtis Lawson
Pitching: RHP Patrick Dunn
Batting: RHB Shawn Olson 0-0: Ball
1-0: SINGLE (Flyball, 78S, EV 100.6 MPH)
Batting: RHB Wendell Gentry 0-0: Ball
Shawn Olson steals 2nd base
1-0: Ball
2-0: Ball
3-0: Base on Balls
Batting: SHB Jon Gore 0-0: Called Strike
0-1: Foul Ball, location: 23F
0-2: Foul Ball, location: 2F
0-2: Strikes out swinging
Batting: RHB Jon Martin 0-0: Ball
1-0: Called Strike
1-1: Foul Ball, location: 2F
1-2: Foul Ball, location: 2F
1-2: Strikes out swinging
Batting: LHB Víctor Salazar 0-0: Swinging Strike
0-1: SINGLE (Line Drive, 7S, EV 91.9 MPH)
Shawn Olson to third
Wendell Gentry to second
Runner from 3rd tries for Home, SAFE, throw by LF to home
Batting: RHB Bob Sloan 0-0: Ball
1-0: Ball
2-0: Ball
3-0: Base on Balls
Wendell Gentry to third
Víctor Salazar to second
Batting: LHB José Muñóz 0-0: SINGLE (Groundball, 6MD, EV 108.1 MPH)
Wendell Gentry scores
Víctor Salazar to third
Bob Sloan to second
Runner from 3rd tries for Home, SAFE, throw by CF to home
Pitching: RHP Roberto Mendoza
Batting: RHB Harvey Dixon 0-0: Fly out, F4 (Popup, 4S, EV 67.5 MPH)
Bottom of the 7th over - 3 runs, 3 hits, 0 errors, 2 left on base; South Fork 1 - San Diego 5
TOP OF THE 8TH
South Fork Frogs batting - Pitching for San Diego Storm : LHP José Orosco
Pitching: RHP Tim Malone
Batting: LHB Bill Davis 0-0: Called Strike
0-1: Ball
1-1: Called Strike
1-2: Foul Ball, location: 5F
1-2: Foul Ball, location: 2F
1-2: Foul Ball, location: 2F
1-2: Ground out U3 (Groundball, 3, EV 108.8 MPH)
Batting: LHB Alec Powell 0-0: Foul Ball, location: 23F
0-1: Ball
1-1: Called Strike
1-2: Strikes out swinging
Batting: RHB Ralph McGuire 0-0: Foul Ball, location: 5F
0-1: Called Strike
0-2: Ground out 4-3 (Groundball, 4S, EV 86.3 MPH)
Top of the 8th over - 0 runs, 0 hits, 0 errors, 0 left on base; South Fork 1 - San Diego 5
BOTTOM OF THE 8TH
San Diego Storm batting - Pitching for South Fork Frogs : RHP Roberto Mendoza
Pinch Hitting: LHB Thom Moore 0-0: Ball
1-0: Ball
2-0: DOUBLE (Line Drive, 9LM, EV 103.1 MPH)
Pinch Hitting: RHB Álex Pastrana 0-0: SINGLE (Groundball, P, EV 84.4 MPH) (infield hit)
Thom Moore to third
Pinch Hitting: LHB Don Dunn 0-0: Ball
1-0: Ball
2-0: Ball
3-0: Called Strike
3-1: Grounds into double play, 5-4-3 (Groundball, 56, EV 101.9 MPH)
Pinch Hitting: RHB António Hamilton 0-0: Ball
1-0: Swinging Strike
1-1: Ball
2-1: SINGLE (Line Drive, 7S, EV 107.5 MPH)
Thom Moore scores
Pinch Hitting: RHB Javier Pérez 0-0: Ball
1-0: Ball
2-0: SINGLE (Groundball, 56D, EV 106.3 MPH)
António Hamilton to second
Runner from 2nd tries for 3rd, SAFE, no throw by LF
Pinch Hitting: LHB Dustin Gamble 0-0: Ball
1-0: Fly out, F7 (Flyball, 7D, EV 85.0 MPH)
Bottom of the 8th over - 1 run, 4 hits, 0 errors, 2 left on base; South Fork 1 - San Diego 6
TOP OF THE 9TH
South Fork Frogs batting - Pitching for San Diego Storm : RHP Tim Malone
Pitching: RHP Jim Elizonda
Now at 1B: Martín Pérez
Now at 3B: António Hamilton
Now at SS: Bob Sloan
Now in LF: Timothy Hodgson
Now in CF: Álex Pastrana
Now in RF: Don Dunn
Batting: LHB James Key 0-0: Called Strike
0-1: Ball
1-1: Foul Ball, location: 23FF
1-2: Strikes out swinging
Batting: LHB Mark Love 0-0: Called Strike
0-1: Swinging Strike
0-2: Foul Ball, location: 2F
0-2: Ball
1-2: Foul Ball, location: 7LSF
1-2: Ball
2-2: Ball
3-2: Foul Ball, location: 2F
3-2: Strikes out swinging
Pinch Hitting: LHB Travis Herring 0-0: Foul Ball, location: 2F
0-1: Ball
1-1: Ball
2-1: Ground out 4-3 (Groundball, 4S, EV 88.8 MPH)
Top of the 9th over - 0 runs, 0 hits, 0 errors, 0 left on base; South Fork 1 - San Diego 6
Wednesday, April 17th , 2024 - OOTP Baseball 24.11 Build 85